 Dungeon Crawl Stone Soup version 0.27.0-1-g7a089689b8 (webtiles) character file.

Game seed: 10929871343882853236

1141 Sin92 the Chopper (level 8, -5/61 HPs)
             Began as a Demonspawn Fighter on Aug 12, 2021.
             Slain by an ogre (17 damage)
             ... on level 5 of the Dungeon on Aug 13, 2021.
             The game lasted 00:08:10 (5480 turns).

Sin92 the Chopper (Demonspawn Fighter)              Turns: 5480, Time: 00:08:11

Health: -5/61      AC: 14    Str: 18    XL:     8   Next: 14%
Magic:  8/8        EV:  8    Int: 10    God:
Gold:   225        SH:  9    Dex: 13    Spells: 7/7 levels left

rFire    . . .     SeeInvis .   a - +1 war axe (chaos)
rCold    . . .     Faith    .   c - +0 kite shield
rNeg     . . .     Spirit   .   e - +0 chain mail
rPois    +         Reflect  .   v - +2 helmet
rElec    .         Harm     .   m - +0 cloak
rCorr    .         Rampage  .   (no gloves)
Will     +....                  (no boots)
Stlth    ..........             (no amulet)
HPRegen  0.20/turn              o - ring of poison resistance
MPRegen  0.11/turn              b - ring of willpower

@: no status effects
A: powered by death 2, sturdy frame 2
a: no special abilities


You were on level 5 of the Dungeon.
You visited 1 branch of the dungeon, and saw 5 of its levels.

You collected 225 gold pieces.

Inventory:

Hand Weapons
 a - a +1 war axe of chaos (weapon)
Armour
 c - a +0 kite shield (worn)
 e - a +0 chain mail (worn)
 m - a +0 cloak (worn)
 v - a +2 helmet (worn)
Jewellery
 b - a ring of willpower (right hand)
 o - a ring of poison resistance (left hand)
Scrolls
 g - a scroll of identify
Potions
 d - a potion of heal wounds
 f - a potion of haste
 h - a potion of invisibility {unknown}
 i - a potion of attraction
 n - a potion of mutation {unknown}
 u - a potion of flight {unknown}


   Skills:
 + Level 4.9 Fighting
 * Level 5.3 Axes
 + Level 4.5 Armour
 + Level 3.3 Dodging
 + Level 4.4 Shields


You had 7 spell levels left.
You didn't know any spells.
Your spell library contained the following spells:

 Spells                   Type           Power      Damage    Failure   Level
 Dazzling Flash           Conj/Hex       0%         N/A       100%        3
 Agony                    Necr           0%         N/A       100%        5
 Silence                  Hex/Air        0%         N/A       100%        5


Dungeon Overview and Level Annotations

Branches:
Dungeon (5/15)
 Temple: D:4-7

Altars:
Cheibriados
Gozag
Kikubaaqudgha
Makhleb
Uskayaw

Shops:
D:3 ?

Annotations:
D:5 Edmund


Innate Abilities, Weirdness & Mutations

You regenerate health from kills.
Your movements are less encumbered by armour. (ER -4)


Message History

Something bites you.
* * * LOW HITPOINT WARNING * * *
You closely miss something. Something bites you.
* * * LOW HITPOINT WARNING * * *
You block something's attack.
You completely miss something.
Something bites you but does no damage. x2
Unknown command.
You hit something. You freeze something.
Reactivating autopickup.
You feel a bit more experienced.
You see here a water moccasin corpse.
You see here a water moccasin corpse.
You open the door.
An ogre comes into view. It is wielding a +0 giant club.
The ogre shouts!
Found a pair of gloves.
The ogre barely misses you.
Found a scroll of teleportation.
There is an open door here.
You block the ogre's attack.
Found a stone staircase leading down.
You slash the ogre! You freeze the ogre.
The ogre is heavily wounded.
You block the ogre's attack.
You hit the ogre.
The ogre is heavily wounded.
The ogre blinks!
You slash the ogre!
The ogre is severely wounded.
You block the ogre's attack.
You hit the ogre.
The ogre goes berserk!
The ogre is almost dead.
The ogre barely misses you. x2
You barely miss the ogre.
The ogre is almost dead.
You block the ogre's attack. x2
You slash the ogre!
The ogre is almost dead.
The ogre hits you with a +0 giant club!
You die...

......>...
.##........#
..≈≈.......#
≈≈≈#.≈≈......# .≈
#.≈≈.....#
#≈##?.......#####
..#...[......... #
#.#....O@.#
##.##..####'###
$....#.####.#
............#
.....##.##..#
.....##†.#..#####
.................#
.......=.........#
.................#


You could see an ogre (berserk).

Vanquished Creatures
  Sigmund (D:5)
  2 water moccasins (D:5)
  An ice beast (D:5)
  A necrophage (D:2)
  2 water moccasin skeletons (D:4)
  A hound (D:5)
  Crazy Yiuf (D:2)
  2 iguanas
  A hound skeleton (D:2)
  Robin (D:2)
  A howler monkey zombie (D:5)
  5 adders
  3 gnolls (D:5)
  A howler monkey skeleton (D:5)
  2 adder skeletons (D:4)
  3 worms
  3 dart slugs
  18 orcs
  5 bats
  9 endoplasms
  3 giant cockroaches
  17 goblins
  11 hobgoblins
  2 jackals (D:1)
  11 kobolds
  4 quokkas
  10 ball pythons
  3 frilled lizards
  A quokka skeleton (D:4)
  9 rats
134 creatures vanquished.

Vanquished Creatures (others)
  Duvessa (D:5)
  Dowan (D:5)
  A plant (D:3)
3 creatures vanquished.

Grand Total: 137 creatures vanquished

Notes
Turn   | Place    | Note
-------+----------+-------------------------------------------
     0 | D:1      | Sin92 the Demonspawn Fighter began the quest for the Orb.
     0 | D:1      | Reached XP level 1. HP: 18/18 MP: 1/1
    82 | D:1      | Reached skill level 2 in Axes
   142 | D:1      | Gained mutation: You regenerate a little health from kills.
                  | [demonic ancestry]
   142 | D:1      | Reached XP level 2. HP: 24/24 MP: 2/2
   289 | D:1      | Found a faded altar of an unknown god.
   514 | D:1      | Gained mutation: Your movements are slightly less
                  | encumbered by armour. (ER -2) [demonic ancestry]
   514 | D:1      | Reached XP level 3. HP: 29/29 MP: 3/3
   522 | D:1      | Found an ancient bone altar of Kikubaaqudgha.
   862 | D:2      | Noticed Robin
   871 | D:2      | Killed Robin
   872 | D:2      | Reached skill level 1 in Dodging
   916 | D:2      | Noticed a necrophage
   926 | D:2      | Killed a necrophage
   927 | D:2      | Reached skill level 3 in Axes
   927 | D:2      | Reached XP level 4. HP: 29/35 MP: 4/4
   927 | D:2      | Reached XP level 5. HP: 33/41 MP: 5/5
  1190 | D:2      | Found a runed translucent door.
  1191 | D:2      | Noticed Crazy Yiuf
  2006 | D:2      | Killed Crazy Yiuf
  2705 | D:3      | Found a snail-covered altar of Cheibriados.
  2706 | D:3      | Found a hide-covered altar of Uskayaw.
  2708 | D:3      | Found a burning altar of Makhleb.
  2709 | D:3      | Found an opulent altar of Gozag.
  2765 | D:3      | Gained mutation: You regenerate health from kills. [demonic
                  | ancestry]
  2765 | D:3      | Reached XP level 6. HP: 46/48 MP: 6/6
  3140 | D:3      | Found Foku Gio's Magic Scroll Shoppe.
  3807 | D:4      | Reached skill level 4 in Axes
  4450 | D:5      | Entered Level 5 of the Dungeon
  4489 | D:5      | Noticed Duvessa
  4489 | D:5      | Noticed Dowan
  4502 | D:5      | Killed Dowan
  4503 | D:5      | Killed Duvessa
  4504 | D:5      | Reached XP level 7. HP: 24/54 MP: 7/7
  4538 | D:5      | HP: 2/54 [poisoned by a water moccasin]
  4831 | D:5      | Noticed Edmund
  5273 | D:5      | Noticed Sigmund
  5280 | D:5      | Killed Sigmund
  5281 | D:5      | Reached skill level 5 in Axes
  5281 | D:5      | Gained mutation: Your movements are less encumbered by
                  | armour. (ER -4) [demonic ancestry]
  5281 | D:5      | Reached XP level 8. HP: 38/61 MP: 8/8
  5480 | D:5      | Slain by an ogre

Illustrated notes

Levels and vault maps discovered:
D:1:      ncdulo_watergridlock, layout_basic,
          shapermc_ecumenical_altar_notcrosses, minmay_hexomino_r4
D:2:      layout_basic, ebering_dispersal_statue_hall, grunt_ministairs_14,
          uniq_crazy_yiuf_cottage, uniq_robin
D:3:      layout_basic, grunt_temple_overflow_open, serial_shops,
          nicolae_shop_behind_doors, serial_bayou_pond_b
D:4:      layout_basic
D:5:      layout_basic, serial_rivers, chequers_serial_rivers_marsh,
          chequers_serial_rivers_small_b, chequers_serial_rivers_large_b,
          chequers_serial_rivers_large_a, chequers_serial_rivers_small_b,
          uniq_duvessa, uniq_edmund, uniq_sigmund

Skill      XL: |  1  2  3  4  5  6  7 |
---------------+----------------------+-----
Axes           | 2 3 4 5 |  5.3
Armour         | 3 4 |  4.5
Dodging        | 1 2 3 |  3.3
Shields        | 3 4 |  4.4
Fighting       | 4 |  4.9

Action                   |  1- 3 |  4- 6 |  7- 9 || total
-------------------------+-------+-------+-------++-------
Melee: War axe           |    92 |   231 |    75 ||   398
  Use: Scroll            |     2 |     6 |     2 ||    10
       Potion            |       |     2 |     5 ||     7
Armor: Scale mail        |    50 |    90 |       ||   140
       Chain mail        |       |    32 |    37 ||    69
Dodge: Dodged            |    34 |    81 |    27 ||   142
Block: Kite shield       |    63 |   113 |    34 ||   210
